TOP OF THE 1ST |
Burlington Royals batting - Pitching for Pulaski Yankees : RHP Leo Gonzales
|
Pitching: RHP Leo Gonzales
|
|
Batting: RHB Tim Persson
|
0-0: Ball 1-0: Called Strike 1-1: Fly out, F9 (Line Drive, 9, EV 94.4 MPH)
|
Batting: LHB Ernesto Abreu
|
0-0: Called Strike 0-1: DOUBLE (Line Drive, 89M, EV 94.4 MPH)
|
Batting: SHB Manny Berrones
|
0-0: Foul Ball, location: 2F 0-1: Called Strike 0-2: SINGLE (Line Drive, 5D, EV 103.1 MPH) Ernesto Abreu to third Runner from 3rd tries for Home, SAFE, throw by LF to home
|
Batting: SHB Danny Ballenger
|
0-0: Foul Ball, location: 2F 0-1: Ball 1-1: Foul Ball, location: 2F 1-2: Strikes out swinging
|
Batting: LHB Bobby Gonzalez
|
0-0: Fly out, F7 (Flyball, 7, EV 85.0 MPH)
|
Top of the 1st over - 1 run, 2 hits, 0 errors, 1 left on base; Burlington 1 - Pulaski 0 |
BOTTOM OF THE 1ST |
Pulaski Yankees batting - Pitching for Burlington Royals : RHP Mike Tuck
|
Pitching: RHP Mike Tuck
|
|
Batting: LHB Dan Morris
|
0-0: Ball 1-0: Ball 2-0: Foul Ball, location: 2F 2-1: Ball 3-1: SINGLE (Flyball, 8LS, EV 99.4 MPH)
|
Batting: RHB Colby Macon
|
0-0: Foul Ball, location: 2F 0-1: Foul Ball, location: 2F 0-2: Ball 1-2: Ball 2-2: Foul Ball, location: 2F 2-2: Ball Passed Ball! Dan Morris to second 3-2: Base on Balls
|
Batting: RHB Bobby Melillo
|
0-0: Swinging Strike 0-1: Fielders Choice at 2nd, 4-6 (Groundball, 4, EV 99.4 MPH) Dan Morris to third
|
Batting: RHB Mike Gifford
|
0-0: Ball Bobby Melillo steals 2nd, throwing error, E2 Dan Morris scores Bobby Melillo to third 1-0: Called Strike 1-1: Called Strike 1-2: SINGLE (Groundball, 56D, EV 104.4 MPH) Bobby Melillo scores
|
Batting: SHB Victor Ruiz
|
0-0: Ball 1-0: Called Strike 1-1: Ball 2-1: SINGLE (Groundball, 56D, EV 95.6 MPH) Mike Gifford to second
|
Batting: SHB Joe Fure
|
0-0: SINGLE (Groundball, 4MD, EV 102.5 MPH) Mike Gifford to third Victor Ruiz to second
|
Batting: RHB Nick Dunton
|
0-0: Ball 1-0: Ball 2-0: Foul Ball, location: 2F 2-1: Ball 3-1: Foul Ball, location: 2F 3-2: Fly out, F8 (Flyball, 8LXD, EV 93.1 MPH) Runner from 3rd tags up, SCORES, no throw by CF
|
Batting: RHB Johannes Gutermuth
|
0-0: Called Strike 0-1: Foul Ball, location: 2F 0-2: Ball 1-2: Ball 2-2: Foul Ball, location: 2F 2-2: Fly out, F8 (Flyball, 8LXD, EV 95.6 MPH)
|
Bottom of the 1st over - 3 runs, 4 hits, 1 error, 2 left on base; Burlington 1 - Pulaski 3 |
TOP OF THE 2ND |
Burlington Royals batting - Pitching for Pulaski Yankees : RHP Leo Gonzales
|
Batting: SHB Marcos Cortez
|
0-0: Ball 1-0: Called Strike 1-1: Swinging Strike 1-2: Foul Ball, location: 2F 1-2: Strikes out swinging
|
Batting: RHB Rob Ward
|
0-0: Swinging Strike 0-1: Swinging Strike 0-2: Ball 1-2: Fly out, F8 (Flyball, 78M, EV 92.5 MPH)
|
Batting: RHB Shane Bruce
|
0-0: Called Strike 0-1: Ball 1-1: Ball 2-1: Ground out 6-3 (Groundball, 6, EV 93.8 MPH)
|
Top of the 2nd over - 0 runs, 0 hits, 0 errors, 0 left on base; Burlington 1 - Pulaski 3 |
BOTTOM OF THE 2ND |
Pulaski Yankees batting - Pitching for Burlington Royals : RHP Mike Tuck
|
Batting: RHB Roberto Tena
|
0-0: SINGLE (Groundball, 56D, EV 102.5 MPH)
|
Batting: LHB Dan Morris
|
0-0: Ball 1-0: Ball 2-0: Ball 3-0: Base on Balls Roberto Tena to second
|
Batting: RHB Colby Macon
|
0-0: Ball 1-0: Ball 2-0: Fly out, F8 (Flyball, 8RM, EV 96.9 MPH)
|
Batting: RHB Bobby Melillo
|
0-0: DOUBLE (Line Drive, 9D, EV 90.6 MPH) Roberto Tena scores Dan Morris to third
|
Batting: RHB Mike Gifford
|
0-0: Swinging Strike 0-1: Called Strike 0-2: Ball 1-2: Ball 2-2: Ball 3-2: Base on Balls
|
Batting: SHB Victor Ruiz
|
0-0: Ball 1-0: Ball 2-0: Ball 3-0: Base on Balls Dan Morris scores Bobby Melillo to third Mike Gifford to second
|
Pitching: RHP Philip Terrell
|
|
Batting: SHB Joe Fure
|
0-0: Foul Ball, location: 2F 0-1: Ball 1-1: Ball 2-1: Foul Ball, location: 2F 2-2: Ball 3-2: Foul Ball, location: 2F 3-2: Strikes out swinging
|
Batting: RHB Nick Dunton
|
0-0: Swinging Strike 0-1: Called Strike 0-2: Ball 1-2: Foul Ball, location: 2F 1-2: Strikes out swinging
|
Bottom of the 2nd over - 2 runs, 2 hits, 0 errors, 3 left on base; Burlington 1 - Pulaski 5 |
TOP OF THE 3RD |
Burlington Royals batting - Pitching for Pulaski Yankees : RHP Leo Gonzales
|
Batting: LHB Hyoji Kawabata
|
0-0: Ball 1-0: Ball 2-0: Ground out 5-3 (Groundball, 5, EV 87.5 MPH)
|
Batting: RHB Tim Persson
|
0-0: Ball 1-0: Ball 2-0: Ground out 4-3 (Groundball, 4, EV 107.5 MPH)
|
Batting: LHB Ernesto Abreu
|
0-0: Foul Ball, location: 2F 0-1: Foul Ball, location: 2F 0-2: Foul Ball, location: 2F 0-2: DOUBLE (Line Drive, 9LM, EV 106.9 MPH)
|
Batting: SHB Manny Berrones
|
0-0: Ball 1-0: Fly out, F8 (Flyball, 78M, EV 96.3 MPH)
|
Top of the 3rd over - 0 runs, 1 hit, 0 errors, 1 left on base; Burlington 1 - Pulaski 5 |
BOTTOM OF THE 3RD |
Pulaski Yankees batting - Pitching for Burlington Royals : RHP Philip Terrell
|
Batting: RHB Johannes Gutermuth
|
0-0: Ball 1-0: Ball 2-0: Called Strike 2-1: Ball 3-1: Swinging Strike 3-2: SINGLE (Flyball, 34D, EV 92.5 MPH)
|
Batting: RHB Roberto Tena
|
0-0: Grounds into double play, 4-6-3 (Groundball, 4M, EV 83.1 MPH)
|
Batting: LHB Dan Morris
|
0-0: Ground out 6-3 (Groundball, 6M, EV 83.8 MPH)
|
Bottom of the 3rd over - 0 runs, 1 hit, 0 errors, 0 left on base; Burlington 1 - Pulaski 5 |
TOP OF THE 4TH |
Burlington Royals batting - Pitching for Pulaski Yankees : RHP Leo Gonzales
|
Batting: SHB Danny Ballenger
|
0-0: Ball 1-0: Called Strike 1-1: Ball 2-1: Swinging Strike 2-2: Foul Ball, location: 2F 2-2: Ball 3-2: Fly out, F6 (Popup, 6, EV 80.0 MPH)
|
Batting: LHB Bobby Gonzalez
|
0-0: Foul Ball, location: 2F 0-1: Ball 1-1: SINGLE (Groundball, 34S, EV 66.9 MPH) (infield hit)
|
Batting: SHB Marcos Cortez
|
0-0: Ground out U3 (Groundball, 34S, EV 70.6 MPH) Bobby Gonzalez to second
|
Batting: RHB Rob Ward
|
0-0: Called Strike 0-1: Ball 1-1: Ball 2-1: Fly out, F5 (Popup, 56, EV 63.8 MPH)
|
Top of the 4th over - 0 runs, 1 hit, 0 errors, 1 left on base; Burlington 1 - Pulaski 5 |
BOTTOM OF THE 4TH |
Pulaski Yankees batting - Pitching for Burlington Royals : RHP Philip Terrell
|
Batting: RHB Colby Macon
|
0-0: Swinging Strike 0-1: Foul Ball, location: 2F 0-2: Ball 1-2: Ball 2-2: Ground out 6-3 (Groundball, 6M, EV 81.9 MPH)
|
Batting: RHB Bobby Melillo
|
0-0: Ball 1-0: DOUBLE (Line Drive, 7D, EV 97.5 MPH)
|
Batting: RHB Mike Gifford
|
0-0: Called Strike 0-1: Ball 1-1: Called Strike 1-2: Strikes out swinging
|
Batting: SHB Victor Ruiz
|
0-0: Foul Ball, location: 2F 0-1: Ball 1-1: 2-RUN HOME RUN (Flyball, 89XD, EV 98.1 MPH), Distance : 405 ft
|
Batting: SHB Joe Fure
|
0-0: Ball 1-0: Swinging Strike 1-1: Ball 2-1: SOLO HOME RUN (Flyball, 9D, EV 95.6 MPH), Distance : 362 ft
|
Batting: RHB Nick Dunton
|
0-0: Ball 1-0: Swinging Strike 1-1: SINGLE (Groundball, 25, EV 69.4 MPH) (infield hit)
|
Batting: RHB Johannes Gutermuth
|
0-0: Ball Nick Dunton steals 2nd base 1-0: Ball 2-0: Called Strike 2-1: Ball 3-1: Ground out 4-3 (Groundball, 34, EV 108.8 MPH)
|
Bottom of the 4th over - 3 runs, 4 hits, 0 errors, 1 left on base; Burlington 1 - Pulaski 8 |
TOP OF THE 5TH |
Burlington Royals batting - Pitching for Pulaski Yankees : RHP Leo Gonzales
|
Batting: RHB Shane Bruce
|
0-0: Called Strike 0-1: Foul Ball, location: 2F 0-2: Ball 1-2: Ground out 6-3 (Groundball, 6M, EV 103.1 MPH)
|
Batting: LHB Hyoji Kawabata
|
0-0: Called Strike 0-1: Foul Ball, location: 2F 0-2: Strikes out swinging
|
Batting: RHB Tim Persson
|
0-0: Ball 1-0: Ground out 6-3 (Groundball, 6, EV 90.6 MPH)
|
Top of the 5th over - 0 runs, 0 hits, 0 errors, 0 left on base; Burlington 1 - Pulaski 8 |
BOTTOM OF THE 5TH |
Pulaski Yankees batting - Pitching for Burlington Royals : RHP Philip Terrell
|
Batting: RHB Roberto Tena
|
0-0: Called Strike 0-1: Foul Ball, location: 2F 0-2: Foul Ball, location: 2F 0-2: Strikes out swinging
|
Batting: LHB Dan Morris
|
0-0: Foul Ball, location: 2F 0-1: Called Strike 0-2: Foul Ball, location: 2F 0-2: Ball 1-2: Foul Ball, location: 2F 1-2: Foul Ball, location: 2F 1-2: Ball 2-2: Foul Ball, location: 2F 2-2: Ball 3-2: SINGLE (Line Drive, 34D, EV 110.6 MPH)
|
Pitching: RHP Ted Splawn
|
|
Batting: RHB Colby Macon
|
0-0: Ball 1-0: Called Strike 1-1: Swinging Strike 1-2: Strikes out swinging
|
Batting: RHB Bobby Melillo
|
0-0: Ball 1-0: Foul Ball, location: 2F 1-1: Ground out 4-3 (Groundball, 4, EV 93.1 MPH)
|
Bottom of the 5th over - 0 runs, 1 hit, 0 errors, 1 left on base; Burlington 1 - Pulaski 8 |
TOP OF THE 6TH |
Burlington Royals batting - Pitching for Pulaski Yankees : RHP Leo Gonzales
|
Batting: LHB Ernesto Abreu
|
0-0: Called Strike 0-1: Ball 1-1: Called Strike 1-2: Ball 2-2: Strikes out swinging
|
Batting: SHB Manny Berrones
|
0-0: Ball 1-0: Ball 2-0: Ball 3-0: Swinging Strike 3-1: Ground out 6-3 (Groundball, 6M, EV 106.3 MPH)
|
Batting: SHB Danny Ballenger
|
0-0: Ball 1-0: Foul Ball, location: 2F 1-1: Ball 2-1: Ball 3-1: Fly out, F9 (Flyball, 89S, EV 93.1 MPH)
|
Top of the 6th over - 0 runs, 0 hits, 0 errors, 0 left on base; Burlington 1 - Pulaski 8 |
BOTTOM OF THE 6TH |
Pulaski Yankees batting - Pitching for Burlington Royals : RHP Ted Splawn
|
Batting: RHB Mike Gifford
|
0-0: Ball 1-0: Called Strike 1-1: SOLO HOME RUN (Flyball, 7LD, EV 95.0 MPH), Distance : 339 ft
|
Batting: SHB Victor Ruiz
|
0-0: Foul Ball, location: 2F 0-1: Foul Ball, location: 2F 0-2: Foul Ball, location: 2F 0-2: Foul Ball, location: 2F 0-2: Hit by Pitch
|
Batting: SHB Joe Fure
|
0-0: Ball 1-0: Called Strike 1-1: Ball 2-1: Foul Ball, location: 2F 2-2: Ball 3-2: SINGLE (Line Drive, 34D, EV 96.3 MPH) Victor Ruiz to second
|
Batting: RHB Nick Dunton
|
0-0: Ball 1-0: Ball 2-0: Called Strike 2-1: Ball 3-1: Called Strike 3-2: Foul Ball, location: 2F 3-2: Foul Ball, location: 2F 3-2: Strikes out swinging
|
Batting: RHB Johannes Gutermuth
|
0-0: Ball 1-0: Foul Ball, location: 2F 1-1: Ball 2-1: Ball 3-1: Base on Balls Victor Ruiz to third Joe Fure to second
|
Batting: RHB Roberto Tena
|
0-0: Ball 1-0: Foul Ball, location: 2F 1-1: Swinging Strike Balk! Victor Ruiz scores Joe Fure to third Johannes Gutermuth to second 1-2: Foul Ball, location: 2F 1-2: Ball 2-2: Strikes out swinging
|
Batting: LHB Dan Morris
|
0-0: Called Strike 0-1: Called Strike 0-2: Ground out 5-3 (Groundball, 56, EV 89.4 MPH)
|
Bottom of the 6th over - 2 runs, 2 hits, 0 errors, 2 left on base; Burlington 1 - Pulaski 10 |
TOP OF THE 7TH |
Burlington Royals batting - Pitching for Pulaski Yankees : RHP Leo Gonzales
|
Batting: LHB Bobby Gonzalez
|
0-0: Swinging Strike 0-1: Ball 1-1: Ball 2-1: Fly out, F8 (Flyball, 8LD, EV 94.4 MPH)
|
Pitching: RHP Bill Kaiser
|
|
Batting: SHB Marcos Cortez
|
0-0: Swinging Strike 0-1: Ball 1-1: Foul Ball, location: 2F 1-2: Foul Ball, location: 2F 1-2: Ball 2-2: Foul Ball, location: 2F 2-2: Ball 3-2: Ground out 4-3 (Groundball, 4, EV 87.5 MPH)
|
Batting: RHB Rob Ward
|
0-0: Called Strike 0-1: Foul Ball, location: 2F 0-2: Strikes out swinging
|
Top of the 7th over - 0 runs, 0 hits, 0 errors, 0 left on base; Burlington 1 - Pulaski 10 |
BOTTOM OF THE 7TH |
Pulaski Yankees batting - Pitching for Burlington Royals : RHP Ted Splawn
|
Batting: RHB Colby Macon
|
0-0: Ball 1-0: Foul Ball, location: 2F 1-1: Foul Ball, location: 2F 1-2: Ball 2-2: Foul Ball, location: 2F 2-2: Foul Ball, location: 2F 2-2: Ball 3-2: Fly out, F8 (Flyball, 8RD, EV 103.1 MPH)
|
Batting: RHB Bobby Melillo
|
0-0: Ball 1-0: Ball 2-0: Ball 3-0: Base on Balls
|
Pitching: RHP Neil Drain
|
|
Batting: RHB Mike Gifford
|
0-0: Ball 1-0: Foul Ball, location: 2F 1-1: Ball 2-1: Ball 3-1: Base on Balls Bobby Melillo to second
|
Batting: SHB Victor Ruiz
|
0-0: Ball 1-0: Foul Ball, location: 2F 1-1: Foul Ball, location: 2F 1-2: Foul Ball, location: 2F 1-2: Ball 2-2: Foul Ball, location: 2F 2-2: SINGLE (Line Drive, 34D, EV 95.0 MPH) Bobby Melillo to third Mike Gifford to second
|
Batting: SHB Joe Fure
|
0-0: Ball 1-0: DOUBLE (Groundball, 3L, EV 110.6 MPH) Bobby Melillo scores Mike Gifford scores Victor Ruiz to third Runner from 3rd tries for Home, SAFE, throw by RF to trailing runner, SAFE at third!
|
Batting: RHB Nick Dunton
|
0-0: Ball 1-0: Called Strike 1-1: Fly out, F9 (Flyball, 89D, EV 95.0 MPH) Runner from 3rd tags up, SCORES, throw by RF
|
Batting: RHB Johannes Gutermuth
|
0-0: Ball 1-0: Ball 2-0: SINGLE (Groundball, 34D, EV 104.4 MPH)
|
Batting: RHB Roberto Tena
|
0-0: Foul Ball, location: 2F 0-1: Ball 1-1: Ball 2-1: SINGLE (Groundball, 56D, EV 98.1 MPH) Johannes Gutermuth to second
|
Batting: LHB Dan Morris
|
0-0: Ball 1-0: SINGLE (Groundball, 56, EV 97.5 MPH) Johannes Gutermuth to third Roberto Tena to second Throwing error, E7 Johannes Gutermuth scores Roberto Tena to third Dan Morris to second
|
Pitching: RHP Angel Castorena
|
|
Batting: RHB Colby Macon
|
0-0: Ball 1-0: Swinging Strike 1-1: Foul Ball, location: 2F 1-2: Ball 2-2: Ball 3-2: Base on Balls
|
Batting: RHB Bobby Melillo
|
0-0: Called Strike 0-1: DOUBLE (Flyball, 89XD, EV 105.0 MPH) Roberto Tena scores Dan Morris scores Colby Macon to third Runner from 3rd tries for Home, SAFE, throw by CF to home
|
Batting: RHB Mike Gifford
|
0-0: Swinging Strike 0-1: Ball Wild Pitch! Bobby Melillo to third 1-1: Ball 2-1: Ball 3-1: Foul Ball, location: 2F 3-2: Ground out 5-3 (Groundball, 5L, EV 101.3 MPH)
|
Bottom of the 7th over - 8 runs, 6 hits, 1 error, 1 left on base; Burlington 1 - Pulaski 18 |
TOP OF THE 8TH |
Burlington Royals batting - Pitching for Pulaski Yankees : RHP Bill Kaiser
|
Batting: RHB Shane Bruce
|
0-0: Called Strike 0-1: Ball 1-1: Ball 2-1: SINGLE (Groundball, 5D, EV 106.9 MPH)
|
Batting: LHB Hyoji Kawabata
|
0-0: Ball 1-0: Sac Bunt to P - play at first, batter OUT! 1-4 Shane Bruce to second
|
Batting: RHB Tim Persson
|
0-0: Ball Wild Pitch! Shane Bruce to third 1-0: Ball 2-0: Foul Ball, location: 2F 2-1: Swinging Strike 2-2: Ball 3-2: Strikes out swinging, 2-3 out at first.
|
Batting: LHB Ernesto Abreu
|
0-0: Ball 1-0: Swinging Strike 1-1: Swinging Strike 1-2: Foul Ball, location: 2F 1-2: Foul Ball, location: 2F 1-2: Strikes out swinging
|
Top of the 8th over - 0 runs, 1 hit, 0 errors, 1 left on base; Burlington 1 - Pulaski 18 |
BOTTOM OF THE 8TH |
Pulaski Yankees batting - Pitching for Burlington Royals : RHP Angel Castorena
|
Batting: SHB Victor Ruiz
|
0-0: Ball 1-0: Ball 2-0: Called Strike 2-1: Ball 3-1: Base on Balls
|
Batting: SHB Joe Fure
|
0-0: SINGLE (Groundball, 34D, EV 103.8 MPH) Victor Ruiz to second
|
Batting: RHB Nick Dunton
|
0-0: Ball 1-0: Foul Ball, location: 2F 1-1: Ball 2-1: Ball 3-1: Base on Balls Victor Ruiz to third Joe Fure to second
|
Batting: RHB Johannes Gutermuth
|
0-0: Called Strike 0-1: Fly out, F9 (Line Drive, 9, EV 96.9 MPH)
|
Batting: RHB Roberto Tena
|
0-0: Ball 1-0: Called Strike 1-1: Hit by Pitch Victor Ruiz scores Joe Fure to third Nick Dunton to second
|
Batting: LHB Dan Morris
|
0-0: Ball 1-0: Ball 2-0: SINGLE (Groundball, 25, EV 66.3 MPH) (infield hit) Joe Fure scores Nick Dunton to third Roberto Tena to second
|
Batting: RHB Colby Macon
|
0-0: Fly out, F7 (Flyball, 7, EV 89.4 MPH)
|
Batting: RHB Bobby Melillo
|
0-0: Called Strike 0-1: Foul Ball, location: 2F 0-2: Fly out, F9 (Line Drive, 9, EV 91.3 MPH)
|
Bottom of the 8th over - 2 runs, 2 hits, 0 errors, 3 left on base; Burlington 1 - Pulaski 20 |
TOP OF THE 9TH |
Burlington Royals batting - Pitching for Pulaski Yankees : RHP Bill Kaiser
|
Batting: SHB Manny Berrones
|
0-0: Foul Ball, location: 2F 0-1: Ball 1-1: Called Strike 1-2: Strikes out swinging
|
Batting: SHB Danny Ballenger
|
0-0: Ground out 5-3 (Groundball, 56, EV 80.0 MPH)
|
Batting: LHB Bobby Gonzalez
|
0-0: Called Strike 0-1: Ball 1-1: Foul Ball, location: 2F 1-2: Ball 2-2: Ball 3-2: Strikes out looking
|
Top of the 9th over - 0 runs, 0 hits, 0 errors, 0 left on base; Burlington 1 - Pulaski 20 |
|